 Dungeon Crawl Stone Soup version 0.31-a0-1-g4198be8af4 (webtiles) character file.

Game seed: 6125885656284110050

938 ytrimaz the Slasher (level 8, -4/54 HPs)
             Began as an Octopode Gladiator on May 2, 2023.
             Slain by an ice beast (14 damage)
             ... on level 5 of the Dungeon.
             The game lasted 00:04:45 (4389 turns).

ytrimaz the Slasher (Octopode Gladiator)            Turns: 4389, Time: 00:04:46

Health: -4/54      AC:  1    Str: 13    XL:     8   Next: 12%
Magic:  8/8        EV: 15    Int: 11    God:
Gold:   243        SH:  0    Dex: 15    Spells: 7/7 levels left

rFire   . . .        p - +1 falchion (flame)
rCold   . . .        (no shield)
rNeg    . . .        b - +0 hat
rPois   +            (no amulet)
rElec   .            g - ring of poison resistance
rCorr   .            (no ring)
SInv    .            (no ring)
Will    .....        (no ring)
Stlth   ++           (no ring)
HPRegen 0.29/turn    (no ring)
MPRegen 0.11/turn    (no ring)
                     (no ring)

%: no passive effects
@: no status effects
A: almost no armour, amphibious, 8 rings, camouflage 1, gelatinous body 1,
(nimble swimmer 1), tentacles
a: no special abilities


You were on level 5 of the Dungeon.
You visited 1 branch of the dungeon, and saw 5 of its levels.
You also visited: Ossuary.

You collected 243 gold pieces.


Innate Abilities, Weirdness & Mutations

You cannot wear most types of armour.
You are amphibious.
You can wear up to eight rings at the same time.
Your skin changes colour to match your surroundings (Stealth+).
Your rubbery body absorbs attacks. (AC +1, EV +1)
((You are camouflaged when in or above water. (Stealth+)))
You have tentacles for arms and can constrict up to eight enemies at once.


   Skills:
 + Level 4.8 Fighting
 * Level 7.1 Long Blades
 - Level 2.0 Throwing
 + Level 5.4 Dodging


You had 7 spell levels left.
You didn't know any spells.
Your spell library contained the following spells:

 Spells                   Type           Power      Damage    Failure   Level
 Kiss of Death            Conj/Necr      0%         2d5       34%         1
 Ensorcelled Hibernation  Hex/Ice        0%         N/A       47%         2
 Confusing Touch          Hex            0%         N/A       71%         3
 Portal Projectile        Hex/Tloc       0%         N/A       71%         3
 Spider Form              Tmut/Pois      0%         N/A       71%         3
 Tukima's Dance           Hex            0%         N/A       71%         3
 Anguish                  Hex/Necr       0%         N/A       98%         4
 Dispel Undead            Necr           0%         3d6       98%         4
 Blade Hands              Tmut           0%         N/A       100%        5

Inventory:

Hand Weapons
 a - a +1 long sword
 p - a +1 falchion of flaming (weapon)
   (You took it off Eustachio on level 4 of the Dungeon)
Missiles
 d - a javelin (quivered)
Armour
 b - a +0 hat (worn)
Jewellery
 g - a ring of poison resistance (left tentacle)
   (You took it off a hobgoblin on level 1 of the Dungeon)
Scrolls
 f - 5 scrolls of teleportation
 h - a scroll of fog {unknown}
 j - a scroll of enchant weapon
 k - a scroll of amnesia
Potions
 e - 5 potions of curing
 i - a potion of cancellation
 l - 2 potions of haste
 n - a potion of brilliance
 o - 2 potions of attraction

Dungeon Overview and Level Annotations

Branches:
Dungeon (5/15) Zot: 26037 Ossuary (visited)
 Temple: D:4-7

Altars:
Kikubaaqudgha
Makhleb
Wu Jian

Annotations:
D:3 3 runed translucent doors, Darkkill's ghost, amateur MiHu; thug444's ghost, amateur DjCj
D:4 1 runed translucent door, Crazy Yiuf

....# ## ....### .(.
.....###....
......#.... ######
.......... #....###
......... #......####
#)Y......
#.........#####@.......
#...........##..##.....
##...........#..## ###
#....<..........#
#.........<....##
#.............##
###########...# #...##
#..##


You could see an ice beast.


Message History

You slash the ogre! You burn the ogre. The ogre closely misses you.
You hit the ogre. You burn the ogre.
The ogre hits you with a +0 giant spiked club!! 😮 HP[-22]
You take 22 damage, and now have 32/54 hp.
MASSIVE DAMAGE!! (PAUSE)
You completely miss the ogre.
You are too injured to fight recklessly!
You completely miss the ogre. The ice beast misses you.
The ogre completely misses you.
You are too injured to fight recklessly!
Unknown command.
You barely miss the ogre.
The ice beast hits you but does no damage.
Unknown command.
You slash the ogre! You burn the ogre.
You kill the ogre!
The ice beast hits you. The ice beast freezes you!
* * * LOW HITPOINT WARNING * * *
Your Long Blades skill increases to level 7! 😨 HP[-13]
You take 13 damage, and now have 19/54 hp.
MASSIVE DAMAGE!! (PAUSE)
You closely miss the ice beast. The ice beast completely misses you.
You slash the ice beast!
You melt the ice beast.
Your squeeze misses the ice beast. The ice beast hits you.
* * * LOW HITPOINT WARNING * * *
The ice beast freezes you!
* * * LOW HITPOINT WARNING * * *
Unknown command. 😱 HP[-18]
You take 18 damage, and now have 1/54 hp.
MASSIVE DAMAGE!! (PAUSE)
You feel much better.
The ice beast hits you but does no damage. 😨 HP[+22]
You regained 22 hp, and now have 23/54 hp.
Unknown command.
You hit the ice beast but do no damage. The ice beast closely misses you.
Unknown command.
You hit the ice beast but do no damage. The ice beast hits you.
* * * LOW HITPOINT WARNING * * *
The ice beast freezes you.
* * * LOW HITPOINT WARNING * * *
😱 HP[-10]
You take 10 damage, and now have 13/54 hp.
You barely miss the ice beast. The ice beast hits you.
* * * LOW HITPOINT WARNING * * *
The ice beast freezes you!
* * * LOW HITPOINT WARNING * * *
😱 HP[-12]
You take 12 damage, and now have 1/54 hp.
MASSIVE DAMAGE!! (PAUSE) Unknown command.
Okay, then.
You feel much better.
The ice beast barely misses you. 😨 HP[+24]
You regained 24 hp, and now have 25/54 hp.
Unknown command.
Throw: 2 throwing nets
Press: ? - help, Q - select action, (/) - cycle Shift-Dir - straight line, f - ice beast
Aim: an ice beast (moderately wounded, 62% to hit)
You throw a throwing net. The throwing net hits the ice beast.
The ice beast is caught in the net!
The ice beast struggles against the net.
Unknown command.
You completely miss the ice beast.
The ice beast struggles against the net.
Unknown command.
You strike the helpless ice beast from behind!
You hit the ice beast.
You melt the ice beast.
You squeeze the ice beast.
The ice beast struggles against the net.
You hit the ice beast but do no damage.
The ice beast struggles against the net. 😨 HP[+1] Unknown command.
You hit the ice beast but do no damage.
The ice beast struggles against the net.
You hit the ice beast but do no damage.
The ice beast struggles against the net.
The net rips apart, and the ice beast comes free!
You hit the ice beast.
You melt the ice beast.
You tentacle-slap the ice beast, but do no damage.
The ice beast hits you.
* * * LOW HITPOINT WARNING * * *
The ice beast freezes you!
* * * LOW HITPOINT WARNING * * *
Unknown command. 😨 HP[-12]
You take 12 damage, and now have 14/54 hp.
MASSIVE DAMAGE!! (PAUSE) Throw: throwing net
Press: ? - help, Q - select action, (/) - cycle Shift-Dir - straight line, f/p - ice beast
Aim: an ice beast (heavily wounded, 62% to hit)
You throw a throwing net.
The throwing net barely misses the ice beast.
The ice beast hits you.
* * * LOW HITPOINT WARNING * * *
The ice beast freezes you!
You die...

Skill      XL: |  1  2  3  4  5  6  7  8 |
---------------+-------------------------+-----
Long Blades    | 4 5 6 7 |  7.1
Fighting       | 3 4 |  4.8
Dodging        | 4 5 |  5.4
Throwing       | |  2.0

Action                     |  1- 3 |  4- 6 |  7- 9 || total
---------------------------+-------+-------+-------++-------
  Melee: Long sword        |    69 |    73 |   110 ||   252
         Constrict         |    20 |    21 |    29 ||    70
         Tentacles         |    10 |    17 |    32 ||    59
         Punch             |     2 |     1 |     2 ||     5
         Falchion          |       |       |    26 ||    26
  Throw: Throwing net      |       |       |     3 ||     3
    Use: Potion            |     1 |       |     2 ||     3
         Scroll            |       |     3 |     6 ||     9
   Stab: Sleeping          |    12 |     3 |     7 ||    22
         Held in net/web   |       |       |     1 ||     1
 Armour: Skin              |     4 |     5 |    12 ||    21
  Dodge: Dodged            |    58 |    48 |    85 ||   191

Levels and vault maps discovered:
D:1:      pf_arrival_petrified_forest, layout_loops_ring
D:2:      layout_basic, basic_altar, minmay_tetromino_t2, uniq_natasha
D:3:      layout_rooms, kiku_gazebo_garden_becter, gammafunk_ghost_cemetery
D:4:      layout_rooms, marbit_many_paths, enter_ossuary_5, uniq_eustachio,
          uniq_blork_the_orc, uniq_sigmund, uniq_crazy_yiuf_cottage
D:5:      minmay_thinvault, layout_cave_pods, mainiacjoe_overflow_catwalk,
          serial_shops, nicolae_shop_real_fake_doors

Notes
Turn   | Place    | Note
-------+----------+-------------------------------------------
     0 | D:1      | ytrimaz the Octopode Gladiator began the quest for the Orb.
     0 | D:1      | Reached XP level 1. HP: 14/14 MP: 1/1
     0 | D:1      | magus.rc [v1.9.6]
   154 | D:1      | Reached XP level 2. HP: 19/19 MP: 2/2
   237 | D:1      | You pick up a book of Weapons and begin reading...
   237 | D:1      | You add the spells Tukima's Dance, Portal Projectile and
                  | Blade Hands to your library.
   494 | D:1      | Reached XP level 3. HP: 21/25 MP: 3/3
  1040 | D:2      | HP: 4/25 [adder (3)]
  1047 | D:2      | HP: 5/25 [constriction (1)]
  1050 | D:2      | Reached skill level 4 in Long Blades
  1050 | D:2      | Reached XP level 4. HP: 6/30 MP: 4/4
  1147 | D:2      | Found a burning altar of Makhleb.
  1776 | D:2      | Noticed Natasha
  1780 | D:2      | Killed Natasha
  1781 | D:2      | Reached skill level 3 in Fighting
  1781 | D:2      | Reached XP level 5. HP: 34/36 MP: 5/5
  2342 | D:3      | Found an ancient bone altar of Kikubaaqudgha.
  2485 | D:3      | Found a runed translucent gate.
  2486 | D:3      | Found a runed translucent gate.
  2487 | D:3      | Found a runed translucent gate.
  2488 | D:3      | Noticed Darkkill's ghost (amateur MiHu)
  2489 | D:3      | Noticed thug444's ghost (amateur DjCj)
  2683 | D:4      | Reached skill level 4 in Dodging
  2692 | D:4      | HP: 7/35 [wight/+3 hand axe (4)]
  2694 | D:4      | Reached skill level 5 in Long Blades
  2694 | D:4      | Reached XP level 6. HP: 9/42 MP: 6/6
  2911 | D:4      | You pick up a book of Touch and begin reading...
  2911 | D:4      | You add the spells Kiss of Death, Confusing Touch and
                  | Dispel Undead to your library.
  2920 | D:4      | Noticed Sigmund
  2926 | D:4      | Killed Sigmund
  2927 | D:4      | Reached XP level 7. HP: 47/47 MP: 7/7
  2951 | D:4      | Found a runed translucent door.
  2952 | D:4      | Noticed Crazy Yiuf
  3019 | D:4      | You pick up a book of Dreams and begin reading...
  3019 | D:4      | You add the spells Ensorcelled Hibernation, Spider Form and
                  | Anguish to your library.
  3085 | D:4      | Noticed Blork the orc
  3090 | D:4      | Killed Blork the orc
  3091 | D:4      | Reached skill level 4 in Fighting
  3091 | D:4      | Reached skill level 6 in Long Blades
  3113 | D:4      | Found a sand-covered staircase.
  3118 | Ossuary  | Entered an ossuary
  3407 | Ossuary  | Reached skill level 5 in Dodging
  3614 | D:4      | Noticed Eustachio
  3632 | D:4      | HP: 7/49 [river rat[Eustachio] (8)]
  3982 | D:4      | Killed Eustachio
  3983 | D:4      | Reached XP level 8. HP: 45/54 MP: 8/8
  4123 | D:4      | Found an ornate altar of the Wu Jian Council.
  4354 | D:5      | Entered Level 5 of the Dungeon
  4375 | D:5      | Reached skill level 7 in Long Blades
  4376 | D:5      | HP: 1/54 [ice beast (14)]
  4389 | D:5      | HP: 10/54 [ice beast (4)]
  4389 | D:5      | Slain by an ice beast

Vanquished Creatures
  Sigmund (D:4)
  Eustachio (D:4)
  An ogre (D:5)
  Blork the orc (D:4)
  3 wights (D:4)
  A human zombie (Ossuary)
  2 centaur zombies (Ossuary)
  Natasha (D:2)
  2 hound zombies (Ossuary)
  3 mummies (Ossuary)
  3 adders (D:2)
  3 worms
  An adder zombie (Ossuary)
  4 dart slugs
  An orc (D:3)
  7 bats
  11 endoplasms
  4 giant cockroaches
  3 gnoll zombies (Ossuary)
  9 goblins
  4 hobgoblins
  5 jackals
  7 kobolds
  6 quokkas
  7 ball pythons
  3 frilled lizards
  5 goblin zombies (Ossuary)
  5 hobgoblin zombies (Ossuary)
  3 jackal zombies (Ossuary)
  3 kobold zombies (Ossuary)
  2 quokka zombies (Ossuary)
  6 rats
  4 rat zombies (Ossuary)
122 creatures vanquished.

Vanquished Creatures (others)
  6 withered plants (D:3)
6 creatures vanquished.

Grand Total: 128 creatures vanquished

Table legend:
 A = Non-vault XP
 B = Vault XP
 C = Vault XP percentage of total XP
 D = Non-vault monster count
 E = Vault monster count
 F = Vault count percentage of total count
                 A         B        C        D         E       F
            +---------+---------+-------+---------+---------+-------
      Total |     526 |     815 |  60.8 |      81 |      41 |  33.6
            +---------+---------+-------+---------+---------+-------
        D:1 |      51 |       0 |   0.0 |      28 |       0 |   0.0
        D:2 |      87 |      39 |  31.0 |      27 |       3 |  10.0
        D:3 |      27 |       0 |   0.0 |      12 |       0 |   0.0
        D:4 |     239 |     509 |  68.0 |      13 |       4 |  23.5
        D:5 |     122 |       0 |   0.0 |       1 |       0 |   0.0
    Ossuary |       0 |     267 | 100.0 |       0 |      34 | 100.0
            +---------+---------+-------+---------+---------+-------

Skill      XL: |  1  2  3  4  5  6  7  8 |
---------------+-------------------------+-----
Long Blades    | 4 5 6 7 |  7.1
Fighting       | 3 4 |  4.8
Dodging        | 4 5 |  5.4
Throwing       | |  2.0

Action                     |  1- 3 |  4- 6 |  7- 9 || total
---------------------------+-------+-------+-------++-------
  Melee: Long sword        |    69 |    73 |   110 ||   252
         Constrict         |    20 |    21 |    29 ||    70
         Tentacles         |    10 |    17 |    32 ||    59
         Punch             |     2 |     1 |     2 ||     5
         Falchion          |       |       |    26 ||    26
  Throw: Throwing net      |       |       |     3 ||     3
    Use: Potion            |     1 |       |     2 ||     3
         Scroll            |       |     3 |     6 ||     9
   Stab: Sleeping          |    12 |     3 |     7 ||    22
         Held in net/web   |       |       |     1 ||     1
 Armour: Skin              |     4 |     5 |    12 ||    21
  Dodge: Dodged            |    58 |    48 |    85 ||   191

Illustrated notes

Table legend:
 A = Kills in this place as a percentage of kills in the entire game.
 B = Kills by you in this place as a percentage of kills by you in the entire game.
 C = Kills by friends in this place as a percentage of kills by friends in the entire game.
 D = Other kills in this place as a percentage of other kills in the entire game.
 E = Experience gained in this place as a percentage of experience gained in the entire game.
 F = Experience gained in this place divided by the number of levels of this place that you have seen.
                   A       B       C       D       E      F
               +-------+-------+-------+-------+-------+----------------------
         Total | 100.0 | 100.0 |   N/A |   N/A | 100.0 | 223.5
       Dungeon |  72.1 |  72.1 |   N/A |   N/A |  80.1 | 214.8
       Ossuary |  27.9 |  27.9 |   N/A |   N/A |  19.9 | 267.0
               +-------+-------+-------+-------+-------+----------------------

Table legend: (Time is in decaauts)
 A = Elapsed time spent in this place.
 B = Non-inter-level travel time spent in this place.
 C = Inter-level travel time spent in this place.
 D = Time resting spent in this place.
 E = Time spent auto-exploring this place.
 F = Levels seen in this place.
 G = Mean time per level.
                   A        B        C        D        E       F      G
               +--------+--------+--------+--------+--------+-----+--------+
         Total |   4422 |   4240 |    182 |    240 |   3029 |   6 |  737.0 |
       Dungeon |   3962 |   3780 |    182 |    240 |   2726 |   5 |  792.4 |
       Ossuary |    460 |    460 |      0 |      0 |    303 |   1 |  460.0 |
               +--------+--------+--------+--------+--------+-----+--------+

Top non-repeatable levels by time:
     D:2: 1029 daAuts
     D:3: 1001 daAuts
     D:4: 990 daAuts
     D:1: 907 daAuts
 Ossuary: 460 daAuts
     D:5: 33 daAuts
